AoeStats
← saschauli

Arabia

509833360Analyzed
1v1 RM · 5d ago on Sep 28, 2026· 33m 8s· 2 players
Game mode
Random Map
Map size
Tiny (2 player)
Population
200
Speed
Normal
Resources
Standard
Victory
Conquest
Starting age
Dark Age
Ending age
Imperial Age
RankedLock teamsTeams togetherTeam positionsShared explorationLock speedFull tech treeHidden civsTurbo modeCheats
Victory
Defeat
🇳🇿 Byzantines · New Zealand
953
+16
🇩🇪 Celts · Germany
955
-16
Emperor Cuntstantine
8:05 Loom
10:36 Feudal Age
10:51 Man-at-Arms
11:19 Double-Bit Axe
14:52 Fletching
19:08 Padded Archer Armor
25:29 Castle Age
25:24 Scale Barding Armor
25:30 Forging
26:13 Crossbowman
32:07 Wheelbarrow
32:23 Bodkin Arrow
saschauli
10:42 Feudal Age
11:17 Loom
11:13 Man-at-Arms
13:58 Forging
15:04 Scale Mail Armor
20:41 Fletching
24:10 Castle Age
23:12 Double-Bit Axe
23:47 Horse Collar
28:28 Bow Saw
28:05 Pikeman
30:40 Elite Skirmisher
32:47 Chain Mail Armor
Connection lost

Rejoining the realm…

Still unreachable

The connection could not be restored.

Session expired

The server has moved on; the page needs a fresh start.